 Dungeon Crawl Stone Soup version 0.31-a0-1529-g7bd419a0e5 (webtiles) character file.

Game seed: 11019954619337582329

30 grandjackal the Ducker (level 3, -6/28 HPs)
             Began as a Demonspawn Gladiator on Jan 1, 2024.
             Killed from afar by Natasha (9 damage)
             ... with a magic dart
             ... on level 2 of the Dungeon.
             The game lasted 00:00:43 (708 turns).

grandjackal the Ducker (Demonspawn Gladiator)        Turns: 708, Time: 00:00:44

Health: -6/28      AC:  4    Str: 16    XL:     3   Next: 3%
Magic:  3/3        EV: 12    Int:  8    God:
Gold:   46         SH:  0    Dex: 14    Spells: 2/2 levels left

rFire   . . .        a - +0 war axe
rCold   . . .        (no shield)
rNeg    . . .        b - +0 leather armour
rPois   .            c - +0 helmet
rElec   .            (no cloak)
rCorr   .            (no gloves)
SInv    .            (no boots)
Will    .....        (no amulet)
Stlth   +            (no ring)
HPRegen 0.24/turn    (no ring)
MPRegen 0.08/turn

%: no passive effects
@: slowed, very slow
A: claws 1, powered by death 1
a: no special abilities


You were on level 2 of the Dungeon.
You visited 1 branch of the dungeon, and saw 2 of its levels.

You collected 46 gold pieces.

Inventory:

Hand Weapons
 a - a +0 war axe (weapon)
Missiles
 d - 3 throwing nets (quivered)
 e - a javelin
Armour
 b - a +0 leather armour (worn)
 c - a +0 helmet (worn)
Jewellery
 g - a ring of wizardry
Scrolls
 h - 2 scrolls of identify {unknown}
 i - a scroll of teleportation {unknown}
Potions
 f - a potion of brilliance {unknown}


   Skills:
 + Level 2.6 Fighting
 - Level 2.8 Axes
 - Level 2.0 Throwing
 - Level 3.0 Dodging
 + Level 0.9 Unarmed Combat


You had 2 spell levels left.
You didn't know any spells.
Your spell library was empty.

Dungeon Overview and Level Annotations

Branches:
Dungeon (2/15)

Altars:

Shops:
D:2 [

Annotations:
D:2 Natasha


Innate Abilities, Weirdness & Mutations

You have sharp fingernails.
You regenerate a little health from kills.


Message History

You kill the giant cockroach!
The bat hits you but does no damage. The bat misses you. Natasha claws you.
The bat barely misses you.
The cerulean imp hits you from afar with a +1 spear.
You have reached level 3!
Your experience leads to an increase in your attributes!
Increase (S)trength, (I)ntelligence, or (D)exterity?
You feel stronger. x2; Your demonic ancestry asserts itself...
A wave of death washes over you.
You closely miss Natasha. You slash the bat!
You kill the bat!
Natasha casts a spell at you.
You feel as though you will be slow longer.
The cerulean imp hits you from afar with a +1 spear.
A hobgoblin comes into view.
Natasha barely misses you. The cerulean imp barely misses you.
The hobgoblin moves out of view.
You closely miss Natasha.
A jackal comes into view.
Natasha howls an incantation.
Natasha glows brightly for a moment.
Natasha claws you. The cerulean imp closely misses you.
Natasha barely misses you. The ball python closely misses you. x2
The cerulean imp hits you from afar with a +1 spear.
You slash the ball python!
You kill the ball python!
You completely miss Natasha. Natasha claws you.
* * * LOW HITPOINT WARNING * * *
The cerulean imp closely misses you. Natasha closely misses you.
The cerulean imp closely misses you.
Unknown command.
You completely miss Natasha.
The hobgoblin shouts!
Natasha claws you but does no damage.
The cerulean imp hits you from afar with a +1 spear.
* * * LOW HITPOINT WARNING * * *
Natasha casts a spell at you. The magic dart hits you!
You die...
Natasha begins licking her fur clean.

.. ... ...### ##
.... .# ...# h#
#..#5 ∩. #†h#
∩∩.###@####
.∩....†)...#
###........##
#[..........#####
#.##........<...#
. #..#########..#
#.. # .... ..##


You could see Natasha, a cerulean imp (summoned) and a jackal (wandering).

Vanquished Creatures
  A dart slug (D:1)
  6 ball pythons
  2 bats
  4 endoplasms (D:1)
  2 giant cockroaches
  3 hobgoblins (D:1)
  2 kobolds (D:1)
  A quokka (D:1)
  2 frilled lizards (D:1)
  A rat (D:1)
24 creatures vanquished.

Notes
Turn   | Place    | Note
-------+----------+-------------------------------------------
     0 | D:1      | grandjackal the Demonspawn Gladiator began the quest for
                  | the Orb.
     0 | D:1      | Reached XP level 1. HP: 16/16 MP: 1/1
   164 | D:1      | Gained mutation: You have sharp fingernails. [demonic
                  | ancestry]
   164 | D:1      | Reached XP level 2. HP: 21/22 MP: 2/2
   334 | D:1      | Reached skill level 3 in Dodging
   696 | D:2      | Found Coequpro's Antique Armour Emporium.
   700 | D:2      | Noticed Natasha
   705 | D:2      | Gained mutation: You regenerate a little health from kills.
                  | [demonic ancestry]
   705 | D:2      | Reached XP level 3. HP: 20/28 MP: 3/3
   708 | D:2      | Killed from afar by Natasha

Illustrated notes

Levels and vault maps discovered:
D:1:      minmay_arrival_glassed_features, layout_loops_ring, hex_large
D:2:      layout_rooms, serial_shops, nicolae_shop_tiny_glass,
          nicolae_shop_advertising_works [nicolae_subvault_shop_adworks],
          nicolae_shop_dealshenge, shop, shop,
          hellmonk_ecumenical_altar_inner_sanctum, uniq_natasha

Skill      XL: |  1  2 |
---------------+-------+-----
Throwing       | 2 |  2.0
Dodging        | 3 |  3.0
Fighting       | |  2.6
Axes           | |  2.8
Unarmed Combat | |  0.9

Action                     || total
---------------------------++-------
  Melee: War axe           ||    59
         Punch             ||     2
 Armour: Leather armour    ||    39
  Dodge: Dodged            ||    53

Table legend: (Time is in decaauts)
 A = Elapsed time spent in this place.
 B = Non-inter-level travel time spent in this place.
 C = Inter-level travel time spent in this place.
 D = Time resting spent in this place.
 E = Time spent auto-exploring this place.
 F = Levels seen in this place.
 G = Mean time per level.
                   A        B        C        D        E       F      G
               +--------+--------+--------+--------+--------+-----+--------+
         Total |    731 |    725 |      6 |      0 |    591 |   2 |  365.5 |
       Dungeon |    731 |    725 |      6 |      0 |    591 |   2 |  365.5 |
               +--------+--------+--------+--------+--------+-----+--------+

Top non-repeatable levels by time:
     D:1: 708 daAuts
     D:2: 23 daAuts
